 Dungeon Crawl Stone Soup version 0.28.0-43-g3370ac3207 (console) character file.

Game seed: 8454504021244269465

105 Zeor the Cudgeller (level 4, 0/29 HPs)
             Began as a Gargoyle Berserker on Mar 30, 2022.
             Was a Believer of Trog.
             Frozen to death by an endoplasm (1 damage)
             ... on level 2 of the Dungeon.
             The game lasted 00:04:09 (1625 turns).

Zeor the Cudgeller (Gargoyle Berserker)             Turns: 1625, Time: 00:04:09

Health: 0/29       AC: 12    Str: 23    XL:     4   Next: 81%
Magic:  4/4        EV:  8    Int:  7    God:    Trog [**....]
Gold:   35         SH:  0    Dex:  9    Spells: 3/3 levels left

rFire   . . .      SeeInvis .   a - +0 mace
rCold   . . .      Faith    .   (no shield)
rNeg    + . .      Spirit   .   k - +0 chain mail
rPois   ∞          Reflect  .   (no helmet)
rElec   +          Harm     .   (no cloak)
rCorr   .          Rampage  .   (no gloves)
Will    .....                   (no boots)
Stlth   ..........              (no amulet)
HPRegen 0.09/turn               (no ring)
MPRegen 0.09/turn               (no ring)

@: brilliant, on berserk cooldown, slowed, very slow
A: sickness immunity, AC +3, negative energy resistance 1, electricity
resistance, torment resistance 1, petrification resistance
a: Renounce Religion, Berserk, Trog's Hand


You were on level 2 of the Dungeon.
You worshipped Trog.
Trog was pleased with you.
You visited 1 branch of the dungeon, and saw 2 of its levels.

You collected 35 gold pieces.

Inventory:

Hand Weapons
 a - a +0 mace (weapon)
 e - a +0 hand axe of distortion
Missiles
 j - 22 bolts
Armour
 k - a +0 chain mail (worn)
Potions
 b - a potion of ambrosia
 c - a potion of resistance
 d - a potion of mutation {unknown}
 f - a potion of brilliance
 g - 2 potions of magic
 h - a potion of curing {unknown}
 i - a potion of flight {unknown}


   Skills:
 + Level 3.8 Fighting
 * Level 4.7 Maces & Flails
 * Level 2.6 Armour
 + Level 1.7 Dodging
 - Level 0.1 Stealth


You had 3 spell levels left.
You didn't know any spells.
Your spell library was empty.

Dungeon Overview and Level Annotations

Branches:
Dungeon (2/15)

Altars:


Innate Abilities, Weirdness & Mutations

You are immune to sickness and miasma.
Your stone body is resilient. (AC +3)
You are immune to poison.
You resist negative energy. (rN+)
You are resistant to electric shocks. (rElec)
You are resistant to unholy torment.
You are immune to petrification.


Message History

Things that are here:
a +0 flail; 16 stones An endoplasm comes into view.
You feel a strong urge to attack something.
The endoplasm quivers.
The gnoll hits you with a +0 spear.
* * * LOW HITPOINT WARNING * * *
You barely miss the gnoll. The gnoll hits you but does no damage.
You hit the gnoll.
The gnoll is moderately wounded.
The gnoll hits you with a +0 spear.
* * * LOW HITPOINT WARNING * * *
The gnoll hits you with a +0 whip.
* * * LOW HITPOINT WARNING * * *
You hit the gnoll.
The gnoll is severely wounded.
The gnoll hits you with a +0 spear.
* * * LOW HITPOINT WARNING * * *
The gnoll hits you but does no damage.
You closely miss the gnoll.
The gnoll is severely wounded.
The gnoll closely misses you. The gnoll hits you but does no damage.
You sock the gnoll!
You kill the gnoll!
Trog accepts your kill.
You thump the gnoll! Your punch misses the gnoll.
The gnoll is almost dead.
The gnoll hits you but does no damage. The adder bites you but does no damage.
You hit the gnoll.
You kill the gnoll!
Trog accepts your kill.
You are no longer berserk.
You are exhausted.
You feel yourself slow down. The adder bites you but does no damage.
It was a potion of brilliance.
You feel clever all of a sudden. The adder bites you but does no damage.
The endoplasm freezes you.
You are frozen.
You die... ▒∙∙∙∙∙∙∙ ▒∙▒∙∙∙∙∙∙∙∙∙∙ ▒∙∙∙∙∙∙∙ ∙▒▒∙▒∙∙∙∙∙∙∙∙∙ ∙∙∙∙∙∙∙∙∙ ∙∙∙∙∙∙∙∙∙∙∙∙ ∙∙∙∙∙∙∙∙∙ ▒∙∙∙∙∙∙∙∙∙ ∙∙∙∙∙∙∙∙∙

▒▒▒∙∙∙∙▒∙∙ ▒▒∙∙∙∙∙∙∙
▒∙∙∙∙∙∙▒∙▒ ▒∙∙∙∙∙∙∙
▒∙∙∙∙JS▒)▒▒▒▒ ▒∙∙∙∙∙∙∙
▒∙∙∙∙∙9∙∙∙∙∙▒ ▒∙∙∙∙∙∙∙
▒∙∙<∙∙)∙∙∙∙∙▒ ▒∙∙∙∙∙∙∙
▒∙∙∙∙∙∙∙∙∙∙∙▒ ▒▒▒▒▒▒▒▒
∙∙∙∙∙∙∙∙∙∙∙∙∙▒▒▒ ▒▒
∙▒▒∙∙∙∙∙∙∙∙∙∙∙∙▒▒▒▒▒ ▒∙
(∙∙∙∙∙∙∙∙∙∙∙▒∙∙∙∙∙▒▒▒▒∙
∙∙∙∙∙∙∙∙∙)∙∙∙†∙∙∙∙∙∙∙∙∙∙
∙∙∙∙∙∙∙∙∙∙∙∙∙▒▒▒▒▒∙∙∙∙∙∙
∙∙∙∙∙∙∙∙∙∙∙∙÷▒▒▒▒▒▒∙▒∙∙▒


You could see an adder and an endoplasm.

Vanquished Creatures
  4 gnolls (D:2)
  2 adders (D:2)
  A worm (D:2)
  5 ball pythons
  3 endoplasms
  5 giant cockroaches
  2 goblins (D:2)
  6 hobgoblins
  A jackal (D:2)
  3 quokkas
  2 bats (D:1)
  A frilled lizard (D:1)
  3 kobolds
  3 rats
41 creatures vanquished.

Notes
Turn   | Place    | Note
-------+----------+-------------------------------------------
     0 | D:1      | Zeor the Gargoyle Berserker began the quest for the Orb.
     0 | D:1      | Reached XP level 1. HP: 14/14 MP: 1/1
   195 | D:1      | Reached XP level 2. HP: 17/19 MP: 2/2
   717 | D:1      | Reached ** piety under Trog
   979 | D:2      | Reached XP level 3. HP: 17/23 MP: 3/3
   988 | D:2      | Reached skill level 4 in Maces & Flails
  1442 | D:2      | Reached XP level 4. HP: 13/29 MP: 4/4
  1620 | D:2      | HP: 2/43 [gnoll/+0 spear (4)]
  1625 | D:2      | Frozen to death by an endoplasm

Illustrated notes

Levels and vault maps discovered:
D:1:      dpeg_arrival_ternary, layout_loops_ring
D:2:      layout_rooms, minmay_heptomino_o4

Skill      XL: |  1  2  3 |
---------------+----------+-----
Maces & Flails | 4 |  4.7
Fighting       | |  3.8
Armour         | |  2.6
Dodging        | |  1.7
Stealth        | |  0.1

Action                   |  1- 3 |  4- 6 || total
-------------------------+-------+-------++-------
Melee: Mace              |   106 |    21 ||   127
       Punch             |     2 |     1 ||     3
Invok: Berserk           |       |     1 ||     1
  Use: Scroll            |     6 |       ||     6
       Potion            |       |     1 ||     1
Armor: Leather armour    |    37 |       ||    37
       Chain mail        |    21 |    11 ||    32
Dodge: Dodged            |    53 |     5 ||    58
